AoeStats
← Snackbar Chez Raymond

Arabia

510136243Analyzed
1v1 RM · 2d ago on Sep 29, 2026· 49m 26s· 2 players
Game mode
Random Map
Map size
Tiny (2 player)
Population
200
Speed
Normal
Resources
Standard
Victory
Conquest
Starting age
Dark Age
Ending age
Imperial Age
RankedLock teamsTeams togetherTeam positionsShared explorationLock speedFull tech treeHidden civsTurbo modeCheats
Victory
Defeat
939
+16
🇨🇱 Celts · Chile
941
-16
Snackbar Chez Raymond
9:29 Loom
11:38 Feudal Age
16:01 Gold Mining
19:33 Castle Age
19:57 Fletching
19:43 Crossbowman
21:00 Scale Mail Armor
25:06 Double-Bit Axe
25:23 Pikeman
27:18 Husbandry
28:42 Scale Barding Armor
29:26 Bow Saw
30:55 Squires
31:11 Chain Mail Armor
31:50 Wheelbarrow
33:05 Hand Cart
39:00 Imperial Age
37:38 Gold Shaft Mining
38:19 Chain Barding Armor
38:16 Forging
38:35 Bodkin Arrow
40:18 Ballistics
39:39 Treadmill Crane
41:00 Chemistry
40:33 Heavy Camel Rider
41:28 Halberdier
43:16 Padded Archer Armor
43:53 Conscription
43:48 Horse Collar
48:52 Thumb Ring
49:07 Bracer
48:28 Arbalester
Benjaamon
7:47 Loom
10:35 Feudal Age
11:01 Double-Bit Axe
11:10 Man-at-Arms
18:00 Forging
19:12 Scale Barding Armor
23:38 Castle Age
23:08 Gold Mining
25:50 Chain Barding Armor
27:57 Iron Casting
27:43 Pikeman
30:19 Gambesons
31:20 Horse Collar
31:51 Scale Mail Armor
31:37 Long Swordsman
32:32 Heavy Plow
34:21 Fletching
37:36 Bodkin Arrow
39:17 Gold Shaft Mining
40:12 Bow Saw
45:00 Imperial Age
43:06 Wheelbarrow
46:43 Masonry
Connection lost

Rejoining the realm…

Still unreachable

The connection could not be restored.

Session expired

The server has moved on; the page needs a fresh start.